 Dungeon Crawl Stone Soup version 0.31-a0-217-g58bb5d79cf (webtiles) character file.

Game seed: 8583063730061488583

1169 HoaS the Skirmisher (level 7, -7/53 HPs)
             Began as a Demigod Hunter on June 16, 2023.
             Mangled by Takeo's ghost (11 damage)
             ... on level 3 of the Dungeon on July 2, 2023.
             The game lasted 00:18:36 (5709 turns).

HoaS the Skirmisher (Demigod Hunter)                Turns: 5709, Time: 00:18:37

Health: -7/53      AC:  7    Str: 12    XL:     7   Next: 96%
Magic:  9/9        EV: 17    Int: 11    God:
Gold:   1147       SH:  0    Dex: 25    Spells: 6/6 levels left

rFire   . . .        a - +0 shortbow
rCold   . . .        (shield currently unavailable)
rNeg    . . .        c - +0 leather armour
rPois   +            w - +1 helmet
rElec   .            j - +0 cloak
rCorr   .            o - +0 pair of gloves
SInv    .            (no boots)
Will    .....        (no amulet)
Stlth   ++           h - ring of poison resistance
HPRegen 0.28/turn    k - +5 ring of evasion
MPRegen 0.11/turn

%: no passive effects
@: no status effects
A: high MP 1, forlorn, divine attributes
a: no special abilities


You were on level 3 of the Dungeon.
You visited 1 branch of the dungeon, and saw 5 of its levels.
You also visited: Sewer.

You collected 1183 gold pieces.
You spent 36 gold pieces at shops.

Inventory:

Hand Weapons
 a - a +0 shortbow (weapon)
Armour
 c - a +0 leather armour (worn)
 j - a +0 cloak (worn)
 o - a +0 pair of gloves (worn)
 w - a +1 helmet (worn)
Jewellery
 d - a ring of protection from fire
 h - a ring of poison resistance (left hand)
 k - a +5 ring of evasion (right hand)
Wands
 e - a wand of flame (12)
 l - a wand of mindburst (17)
 q - a wand of charming (8)
Scrolls
 b - a scroll of butterflies
 f - a scroll of teleportation
 i - a scroll of fear
Potions
 g - a potion of mutation
 m - a potion of lignification
 p - a potion of attraction {unknown}
 r - 2 potions of invisibility {unknown}
 s - a potion of might {unknown}
 t - a potion of haste {unknown}
 u - a potion of cancellation {unknown}


   Skills:
 - Level 1.7 Fighting
 + Level 9.7 Ranged Weapons
 - Level 1.7 Dodging
 - Level 0.8 Stealth


You had 6 spell levels left.
You didn't know any spells.
Your spell library contained the following spells:

 Spells                   Type           Power      Damage    Failure   Level
 Magic Dart               Conj           0%         1d3       41%         1
 Shock                    Conj/Air       0%         1d3       41%         1
 Call Imp                 Summ           0%         N/A       56%         2
 Scorch                   Fire           0%         2d5       56%         2
 Sublimation of Blood     Necr           0%         N/A       56%         2
 Mephitic Cloud           Conj/Pois/Air  0%         N/A       80%         3
 Swiftness                Air            0%         N/A       80%         3
 Volatile Blastmotes      Fire/Tloc      0%         2d10      80%         3
 Airstrike                Air            0%         2d(0-16)  99%         4
 Flame Wave               Conj/Fire      0%         2d4       99%         4
 Fulminant Prism          Conj/Hex       0%         3d5       99%         4
 Iskenderun's Mystic Bla  Conj/Tloc      0%         2d3       99%         4
 Petrify                  Tmut/Erth      0%         N/A       99%         4
 Irradiate                Conj/Tmut      0%         3d11      100%        5
 Lee's Rapid Deconstruct  Erth           0%         3d4*      100%        5
 Summon Cactus Giant      Summ           0%         N/A       100%        6


Dungeon Overview and Level Annotations

Branches:
Dungeon (5/15)              Sewer (visited)
 Temple: D:4-7

Shops:
D:2 *

Annotations:
D:3 Eustachio; Takeo's ghost, amateur MiFi


Innate Abilities, Weirdness & Mutations

You have an increased reservoir of magic. (+10% MP)
You shall have no god before yourself.
Your divine heritage dramatically boosts your attributes as you level up.


Message History

You shoot an arrow. The arrow barely misses Takeo's ghost.
Takeo's ghost hits you.
You shoot an arrow.
The arrow hits Takeo's ghost but does no damage.
Takeo's ghost hits you!
You shoot an arrow. The arrow hits Takeo's ghost.
Takeo's ghost is lightly damaged.
Takeo's ghost hits you.
You shoot an arrow.
The arrow hits Takeo's ghost but does no damage.
Takeo's ghost is lightly damaged.
Takeo's ghost completely misses you.
You shoot an arrow. The arrow barely misses Takeo's ghost.
Takeo's ghost hits you!
You are too injured to fight recklessly!
You are too injured to fight recklessly!
You are too injured to fight recklessly!
You are too injured to fight recklessly!
You are too injured to fight recklessly!
You are too injured to fight recklessly!
You are too injured to fight recklessly!
You shoot an arrow. The arrow barely misses Takeo's ghost.
Takeo's ghost hits you.
* * * LOW HITPOINT WARNING * * *
You shoot an arrow. The arrow hits Takeo's ghost!
Takeo's ghost is moderately damaged.
Takeo's ghost barely misses you.
You shoot an arrow. The arrow closely misses Takeo's ghost.
Takeo's ghost completely misses you.
You shoot an arrow. The arrow hits Takeo's ghost.
Takeo's ghost is moderately damaged.
Takeo's ghost barely misses you.
You shoot an arrow. The arrow barely misses Takeo's ghost.
Takeo's ghost hits you!
* * * LOW HITPOINT WARNING * * *
You shoot an arrow. The arrow barely misses Takeo's ghost.
Takeo's ghost misses you.
You shoot an arrow. The arrow barely misses Takeo's ghost.
Takeo's ghost hits you!
You die...

#.###
#.....
#.#
######
##.# #..#
#.## #.#
####.####
#.......#
#...@...#
###'W'###
#.(....8#
#....(..#
#..♣....#
#.....((#
#.(.(...#
#########


You could see Takeo's ghost.

Vanquished Creatures
  A black bear (D:4)
  An ogre (D:5)
  3 kobold brigands
  Blork the orc (D:4)
  A scorpion (D:5)
  A hound (D:4)
  3 orc priests
  Jessica (D:3)
  Ijyb (D:4)
  An iguana (D:5)
  4 orc wizards
  Terence (D:3)
  A gnoll (D:1)
  11 adders
  9 river rats
  A dart slug (D:1)
  19 orcs
  6 endoplasms
  5 giant cockroaches
  8 goblins
  7 hobgoblins
  2 jackals (D:1)
  20 kobolds
  8 quokkas
  14 ball pythons
  6 bats
  5 frilled lizards
  25 rats
166 creatures vanquished.

Notes
Turn   | Place    | Note
-------+----------+-------------------------------------------
     0 | D:1      | HoaS the Demigod Hunter began the quest for the Orb.
     0 | D:1      | Reached XP level 1. HP: 17/17 MP: 3/3
    60 | D:1      | Reached skill level 4 in Ranged Weapons
    78 | D:1      | Reached XP level 2. HP: 24/24 MP: 4/4
   476 | D:1      | Reached XP level 3. HP: 23/29 MP: 5/5
  1217 | D:2      | Reached skill level 5 in Ranged Weapons
  1256 | D:2      | Found Gogennev's General Store.
  1261 | D:2      | Bought a potion of curing for 36 gold pieces
  1814 | D:3      | Noticed Terence
  1815 | D:3      | Upgraded the game from 0.31-a0-175-g9f7f995f2b to
                  | 0.31-a0-217-g58bb5d79cf
  1822 | D:3      | Killed Terence
  1823 | D:3      | Reached XP level 4. HP: 15/36 MP: 6/6
  2100 | D:3      | You fall into a shaft and drop 1 floor!
  2220 | D:4      | Noticed Ijyb
  2254 | D:4      | Killed Ijyb
  2255 | D:4      | Reached skill level 6 in Ranged Weapons
  2255 | D:4      | Reached XP level 5. HP: 9/41 MP: 7/7
  2478 | D:3      | Found a runed translucent gate.
  2478 | D:3      | Found a runed translucent gate.
  2480 | D:3      | Found a runed translucent gate.
  2483 | D:3      | Noticed Takeo's ghost (amateur MiFi)
  2619 | D:3      | Noticed Jessica
  2624 | D:3      | Killed Jessica
  2934 | D:4      | Noticed Eustachio
  3093 | D:4      | Noticed a black bear
  3214 | D:4      | Noticed Blork the orc
  3234 | D:4      | Killed Blork the orc
  3235 | D:4      | Reached XP level 6. HP: 16/48 MP: 8/8
  3384 | D:4      | Reached skill level 7 in Ranged Weapons
  3731 | D:5      | Entered Level 5 of the Dungeon
  4025 | D:5      | Identified a scroll of acquirement
  4025 | D:5      | Acquired 882 gold pieces
  4037 | D:5      | Reached skill level 8 in Ranged Weapons
  4064 | D:5      | Reached XP level 7. HP: 53/53 MP: 9/9
  4334 | D:5      | Found a glowing drain.
  4350 | Sewer    | Entered a sewer
  4782 | Sewer    | Reached skill level 9 in Ranged Weapons
  5709 | D:3      | Mangled by Takeo's ghost

Illustrated notes

Levels and vault maps discovered:
D:1:      dpeg_arrival_houses_and_road, layout_basic, serial_forest,
          infiniplex_forest_clump_small, infiniplex_forest_end_2,
          infiniplex_forest_clump_diagonal, infiniplex_forest_clump_small,
          infiniplex_forest_clump_double, infiniplex_forest_lined_room_,
          chequers_jeans, minmay_pentomino_p2
D:2:      layout_basic, serial_shops, shop, nicolae_kite_square_tiling_tiny,
          amcnicky_mini_corridor_feature, dreamdust_wishing_well,
          minmay_misc_feat_pillars, minmay_shallow_snake_nest
D:3:      layout_basic, chequers_temple_overflow_minitemple,
          ebering_ghost_rock_garden, uniq_jessica, uniq_terence
D:4:      layout_loops_ring, uniq_ijyb, uniq_blork_the_orc, uniq_eustachio
D:5:      layout_cave_pods, portal_sewer_entry_e, serial_bayou_pond_e,
          nicolae_nh_ransacked_shop

Skill      XL: |  1  2  3  4  5  6  7 |
---------------+----------------------+-----
Ranged Weapons | 4 5 6 8 9 |  9.7
Fighting       | |  1.7
Dodging        | |  1.7
Stealth        | |  0.8

Action                     |  1- 3 |  4- 6 |  7- 9 || total
---------------------------+-------+-------+-------++-------
  Melee: Shortbow          |       |     5 |       ||     5
   Fire: Shortbow          |   111 |   223 |   212 ||   546
    Use: Scroll            |     7 |     6 |     1 ||    14
         Potion            |       |     3 |     1 ||     4
 Armour: Leather armour    |     8 |    27 |    13 ||    48
  Dodge: Dodged            |    24 |    74 |    83 ||   181

Table legend: (Time is in decaauts)
 A = Elapsed time spent in this place.
 B = Non-inter-level travel time spent in this place.
 C = Inter-level travel time spent in this place.
 D = Time resting spent in this place.
 E = Time spent auto-exploring this place.
 F = Levels seen in this place.
 G = Mean time per level.
                   A        B        C        D        E       F      G
               +--------+--------+--------+--------+--------+-----+--------+
         Total |   5778 |   5569 |    209 |   1175 |   3362 |   6 |  963.0 |
       Dungeon |   4863 |   4654 |    209 |    972 |   2887 |   5 |  972.6 |
         Sewer |    914 |    914 |      0 |    202 |    474 |   1 |  914.0 |
               +--------+--------+--------+--------+--------+-----+--------+

Top non-repeatable levels by time:
     D:4: 1142 daAuts
     D:2: 1083 daAuts
     D:5: 1025 daAuts
   Sewer: 914 daAuts
     D:3: 856 daAuts
     D:1: 754 daAuts
